 Dungeon Crawl Stone Soup version 0.21.0-26-g889b8f6 (webtiles) character file.

26114 Beaver the Blocker (level 12, 0/94 HPs)
             Began as a Demonspawn Fighter on Jan 28, 2018.
             Was a High Priest of Yredelemnul.
             Slain by an orc warrior
             ... wielding a +0 dire flail
              (10 damage)
             ... on level 2 of the Orcish Mines.
             The game lasted 00:59:28 (12782 turns).

Beaver the Blocker (Demonspawn Fighter)            Turns: 12782, Time: 00:59:30

Health: 0/94       AC:  7    Str: 30    XL:     12   Next: 95%
Magic:  0/18       EV: 18    Int: 14    God:    Yredelemnul [*****.]
Gold:   1297       SH: 14    Dex: 20    Spells: 11/11 levels left

rFire    . . .     SeeInvis .   b - +7 hand axe of Noon {venom, +Blink MR+ Str+2 Dex+2}
rCold    . . .     Gourm    .   c - +1 shield
rNeg     . . .     Faith    .   q - +1 scale mail "Zaile" {Regen+ Str+3 Dex+2}
rPois    .         Spirit   +   (helmet restricted)
rElec    .         Reflect  .   B - scarf {Spirit}
rCorr    .         Harm     .   v - +0 pair of gloves {archery}
MR       +....     Rnd*Tele +   E - +2 pair of boots
Stlth    +++++.....             I - amulet of a Million Seas {Regen+ Int+2}
HPRegen  1.05/turn              m - +4 ring of evasion
MPRegen  0.16/turn              u - ring of the Oligarchy {*Tele Str+7}

@: lethally poisoned (0 -> 0), corroded, berserk cooldown, slowed, very slow
A: antennae 1, iridescent scales 1, mutation resistance 1, nightstalker 2,
strong 1, rot immunity
a: Recall Undead Slaves, Injury Mirror, Animate Dead, Drain Life, Enslave Soul,
Renounce Religion, Evoke Blink


You were on level 2 of the Orcish Mines.
You worshipped Yredelemnul.
Yredelemnul was extremely pleased with you.
You were hungry.

You visited 3 branches of the dungeon, and saw 15 of its levels.
You also visited: Ossuary.

You collected 1540 gold pieces.
You spent 243 gold pieces at shops.

Inventory:

Hand Weapons
 a - a +4 long sword of draining
 b - the +7 hand axe of Noon (weapon) {venom, +Blink MR+ Str+2 Dex+2}
   (You found it on level 8 of the Dungeon)

   It poisons the flesh of those it strikes.
   It affects your strength (+2).
   It affects your dexterity (+2).
   It affects your resistance to hostile enchantments.
   It lets you blink.
 G - a +2 whip of electrocution
 H - the +0 short sword of Harmony {speed, rElec rC++}
   (You found it on level 7 of the Dungeon)

   Attacks with this weapon are significantly faster.
   It greatly protects you from cold.
   It insulates you from electricity.
 J - a +1 falchion of flaming
 R - a +4 long sword of pain
Missiles
 z - 5 tomahawks of returning (quivered)
Armour
 c - a +1 shield (worn)
 p - a +2 robe of cold resistance
 q - the +1 scale mail "Zaile" (worn) {Regen+ Str+3 Dex+2}
   (You found it on level 5 of the Dungeon)

   It affects your strength (+3).
   It affects your dexterity (+2).
   It increases your rate of regeneration.
 s - the +2 robe of Edoextolu {rPois MR+ Int+2}
   (You found it on level 11 of the Dungeon)

   It affects your intelligence (+2).
   It protects you from poison.
   It affects your resistance to hostile enchantments.
 v - a +0 pair of gloves of archery (worn)
 x - a +0 helmet
 B - a scarf of spirit shield (worn)
 E - a +2 pair of boots (worn)
 O - a +4 ring mail
 Q - a +1 robe of fire resistance
 T - a +0 plate armour of positive energy
Magical Staves
 j - an uncursed staff of wizardry
Jewellery
 h - an uncursed ring of poison resistance
 m - a +4 ring of evasion (left hand)
 t - an uncursed ring of protection from cold
 u - the ring of the Oligarchy (right hand) {*Tele Str+7}
   (You found it on level 6 of the Dungeon)

   [ring of teleportation]

   It may teleport you next to monsters.
   It affects your strength (+7).
 D - an uncursed amulet of guardian spirit {unknown}
 I - the amulet of a Million Seas (around neck) {Regen+ Int+2}
   (You found it on level 7 of the Dungeon)

   [amulet of regeneration]

   It affects your intelligence (+2).
   It increases your rate of regeneration.
 P - an uncursed ring of protection from cold
Wands
 g - a wand of flame (43)
 i - a wand of iceblast (8)
 C - a wand of paralysis (33)
Scrolls
 d - a scroll of holy word {unknown}
 e - a scroll of fog
 n - 7 scrolls of remove curse
 r - 2 scrolls of teleportation
 w - 4 scrolls of amnesia
 F - a scroll of magic mapping
 M - a scroll of enchant armour
 N - a scroll of identify
Potions
 k - 2 potions of curing
 o - 3 potions of flight
 A - a potion of magic
 L - 2 potions of heal wounds
 S - 2 potions of agility
Books
 y - a book of Flames

   Spells                             Type                      Level
   a - Flame Tongue                   Conjuration/Fire             1
   b - Throw Flame                    Conjuration/Fire             2
   c - Conjure Flame                  Conjuration/Fire             3
   d - Inner Flame                    Hexes/Fire                   3
   e - Sticky Flame                   Conjuration/Fire             4
   f - Fireball                       Conjuration/Fire             5
Comestibles
 f - 17 rations


   Skills:
 + Level 8.5 Fighting
 + Level 8.2 Long Blades
 + Level 8.1 Armour
 + Level 6.7 Dodging
 + Level 9.3 Stealth
 + Level 9.8 Shields
 + Level 8.0 Invocations
 + Level 2.5 Evocations


You had 11 spell levels left.
You didn't know any spells.

Dungeon Overview and Level Annotations

Branches:
Dungeon (12/15)            Temple (1/1) D:6            Lair (0/6) D:10
    Orc (2/2) D:11            Elf (0/3) Orc:2

Altars:
Cheibriados
Elyvilon
Gozag
Hepliaklqana
Nemelex Xobeh
Qazlal
Sif Muna
Trog
Vehumet
Wu Jian
Xom
Yredelemnul
Zin
The Shining One

Shops:
D:4 =   D:7 *   D:9 =   D:10 :   D:11 ([   D:12 }:   Orc:2 [


Innate Abilities, Weirdness & Mutations

You have a pair of small antennae on your head.
You are partially covered in iridescent scales. (AC +2)
You are significantly more attuned to the shadows.
You are immune to rotting.
You are somewhat resistant to further mutation.
Your muscles are strong. (Str +2)


Message History

The orc warrior is heavily wounded.
You hit the orc knight but do no damage.
The orc knight looks as sick as possible!
You hit the orc warrior.
You are no longer berserk.
You are exhausted.
You feel yourself slow down.
You feel sick.
The orc high priest no longer looks unusually strong.
Your flying skull hits the orc priest.
The orc high priest calls down the wrath of Beogh upon you.
Beogh smites you!
* * * LOW HITPOINT WARNING * * *
The orc priest calls upon Beogh to heal the orc priest.
The orc priest's wounds heal themselves!
You block the orc's attack.
Your hellwing barely misses the orc knight.
Your hellwing hits the orc knight.
The orc warrior hits you with a dire flail!
You die...
Your body rises from the dead as a mindless zombie.

.. #######
... #.....#
.oz###.....#
.3oooZ.))).#
.ooooo)..).#
3{ooo@4.####
ooo###))# o
#..# #..#
#..# #..#
#o.# #..#


You could see an orc warlord (petrifying), 2 orc knights, an orc high priest, a
sun demon, a smoke demon, 4 orc warriors, 4 orc priests, an orc wizard, 3 orcs,
a friendly hellwing, a friendly spectral orc sorcerer and a friendly flying
skull.

Vanquished Creatures
  4 two-headed ogres
  An orc high priest (Orc:2)
  2 unseen horrors
  An orc knight (Orc:2)
  Pikel (D:5)
  2 orc sorcerers
  3 cyclopes
  4 slime creatures (D:9)
  A centaur skeleton (D:10)
  A spiny frog (shapeshifter) (D:10)
  2 trolls
  A hippogriff (D:9)
  A dream sheep (D:8)
  A shadow (D:12)
  2 wraiths (D:11)
  2 yaks
  2 hungry ghosts
  Eustachio (D:5)
  A hog (shapeshifter) (D:12)
  The ghost of Demiham the Poker, an amateur MfGl (D:4)
  4 vampire mosquitoes
  Menkaure (D:5)
  A warg (Orc:1)
  2 soldier ants
  A porcupine (D:10)
  12 orc warriors
  2 necrophages
  2 black bears (D:11)
  3 sky beasts
  7 ogres
  3 centaurs
  A crocodile (D:10)
  4 big kobolds
  2 elf zombies (Ossuary)
  4 bullfrogs
  A wyvern skeleton (D:9)
  6 scorpions
  10 killer bees
  8 wights
  5 howler monkeys
  5 crimson imps
  2 quasits (D:6)
  2 centaur zombies (Ossuary)
  3 hounds
  2 human zombies (Ossuary)
  16 orc wizards
  A bullfrog skeleton (D:8)
  5 iguanas
  9 orc priests
  2 jellies
  7 worker ants
  A big kobold zombie (Ossuary)
  2 hound zombies (Ossuary)
  A hound skeleton (D:7)
  3 mummies (Ossuary)
  A howler monkey zombie (D:6)
  13 adders
  7 gnolls
  A shadow imp (D:6)
  An ooze (D:1)
  4 adder zombies (Ossuary)
  An adder skeleton (D:7)
  3 worms
  4 dart slugs
  4 leopard geckos
  73 orcs
  3 ball pythons
  9 giant cockroaches
  6 goblins
  2 hobgoblins (D:1)
  6 jackals
  8 kobolds
  7 quokkas
  4 bats
  5 frilled lizards
  7 goblin zombies (Ossuary)
  2 hobgoblin zombies (Ossuary)
  A jackal skeleton (D:9)
  3 jackal zombies (Ossuary)
  3 kobold zombies (Ossuary)
  An orc zombie (Ossuary)
  A quokka skeleton (D:5)
  5 quokka zombies
  5 rats
  2 rat zombies (Ossuary)
366 creatures vanquished.

Vanquished Creatures (collateral kills)
  An orc warlord (Orc:1)
  Josephine (D:11)
  2 hydras
  A two-headed ogre (Orc:2)
  Sonja (Orc:2)
  2 orc sorcerers
  A cyclops (D:12)
  An ugly thing (D:12)
  A manticore (D:11)
  Psyche (D:11)
  A gargoyle (D:12)
  2 trolls
  A hornet (D:10)
  3 slime creatures (D:12)
  A hippogriff (D:10)
  A dream sheep (D:8)
  A wraith (D:11)
  A shadow (D:10)
  A yak (D:8)
  2 hungry ghosts
  2 vampire mosquitoes
  2 wargs (Orc:1)
  2 sky beasts
  8 orc warriors
  2 black bears
  3 ogres
  3 centaurs (D:12)
  A bullfrog (D:12)
  A big kobold (D:8)
  A wyvern zombie (D:11)
  2 scorpions
  A killer bee (D:12)
  2 wights
  2 crimson imps
  A centaur zombie (D:10)
  A bullfrog zombie (D:10)
  9 orc priests
  A jelly (D:9)
  A hound (D:11)
  Jessica (D:12)
  3 bullfrog skeletons
  An iguana (D:12)
  4 orc wizards
  A worker ant (D:9)
  A hound skeleton (D:8)
  3 adders
  24 orcs
  8 kobolds (D:12)
  3 fungi (D:10)
120 creatures vanquished.

Vanquished Creatures (others)
  A spectral elf (Orc:1)
  3 flying skulls
  4 wraiths
  A two-headed ogre zombie (D:8)
  2 slaves (D:5)
  A dream sheep zombie (D:8)
  2 vampire mosquito zombies
  A hippogriff zombie (D:10)
  A cyclops zombie (D:12)
  A warg zombie (Orc:1)
  2 wights (D:10)
  A centaur zombie (D:12)
  2 black bear zombies
  A soldier ant zombie (D:10)
  An ogre zombie (Orc:1)
  2 killer bee zombies (D:12)
  A necrophage skeleton (D:10)
  A hound skeleton (D:12)
  A howler monkey zombie (D:8)
  A worker ant zombie (D:9)
  An iguana zombie (D:9)
  An adder skeleton (D:10)
  An adder zombie (D:9)
  A leopard gecko (D:5)
  2 orcs (D:5)
  A ball python (D:5)
  A jackal zombie (D:9)
  21 orc zombies
  A quokka skeleton (D:5)
  2 fungi (D:10)
  4 plants
66 creatures vanquished.

Grand Total: 552 creatures vanquished

Notes
Turn   | Place    | Note
-------+----------+-------------------------------------------
     0 | D:1      | Beaver the Demonspawn Fighter began the quest for the Orb.
     0 | D:1      | Reached XP level 1. HP: 18/18 MP: 1/1
   250 | D:1      | Gained mutation: You are partially covered in iridescent scales. (AC +2) [demonic ancestry]
   250 | D:1      | Reached XP level 2. HP: 16/24 MP: 2/2
   654 | D:1      | Reached XP level 3. HP: 22/29 MP: 3/3
   923 | D:2      | Reached skill level 1 in Dodging
  1278 | D:2      | Gained mutation: You are slightly more attuned to the shadows. [demonic ancestry]
  1278 | D:2      | Reached XP level 4. HP: 34/35 MP: 4/4
  1857 | D:3      | Reached XP level 5. HP: 38/41 MP: 5/5
  1942 | D:3      | Found a faded altar of an unknown god.
  1984 | D:3      | Reached skill level 1 in Stealth
  2335 | D:3      | Found a glowing golden altar of the Shining One.
  2686 | D:4      | Gained mutation: You are somewhat resistant to further mutation. [potion of mutation]
  2686 | D:4      | Gained mutation: Your muscles are strong. (Str +2) [potion of mutation]
  2690 | D:4      | Reached XP level 6. HP: 47/48 MP: 6/6
  2704 | D:4      | Found Faojy's Jewellery Boutique.
  2711 | D:4      | Bought a cursed amulet of inaccuracy for 26 gold pieces
  2716 | D:4      | Found a white marble altar of Elyvilon.
  2770 | D:4      | Noticed Demiham's ghost (amateur MfGl)
  2828 | D:4      | Found a sand-covered staircase.
  2833 | Ossuary  | Entered an ossuary
  3296 | Ossuary  | Gained mutation: You are significantly more attuned to the shadows. [demonic ancestry]
  3296 | Ossuary  | Reached XP level 7. HP: 51/54 MP: 7/7
  3402 | Ossuary  | Reached skill level 5 in Long Blades
  3730 | D:4      | Killed Demiham's ghost
  3822 | D:5      | Entered Level 5 of the Dungeon
  3864 | D:5      | Gained mutation: You are immune to rotting. [demonic ancestry]
  3864 | D:5      | Reached XP level 8. HP: 45/61 MP: 8/8
  3941 | D:5      | Noticed Eustachio
  3953 | D:5      | Killed Eustachio
  3958 | D:5      | Noticed Pikel
  3974 | D:5      | Killed Pikel
  3974 | D:5      | Reached skill level 5 in Fighting
  3974 | D:5      | Reached skill level 5 in Shields
  4334 | D:5      | Found a bloodstained altar of Trog.
  4489 | D:5      | Reached skill level 1 in Evocations
  4589 | D:5      | Found a deep blue altar of Sif Muna.
  4592 | D:5      | Noticed Menkaure
  4823 | D:5      | Found a radiant altar of Vehumet.
  4926 | D:5      | Got a heavily runed scale mail
  4944 | D:6      | Identified the cursed +1 scale mail "Zaile" {Regen+ Str+3 Dex+2} (You found it on level 5 of the Dungeon)
  4968 | D:6      | Found a staircase to the Ecumenical Temple.
  4999 | Temple   | Entered the Ecumenical Temple
  5004 | Temple   | Became a worshipper of Yredelemnul the Dark
  5055 | D:6      | Found a snail-covered altar of Cheibriados.
  5780 | D:6      | Got a glittering brass ring
  5787 | D:6      | Identified the ring of the Oligarchy {*Tele Str+7} (You found it on level 6 of the Dungeon)
  6080 | D:6      | Reached XP level 9. HP: 68/68 MP: 9/9
  6399 | D:6      | Found a hazy altar of Hepliaklqana.
  6545 | D:5      | Killed Menkaure
  7156 | D:7      | Reached * piety under Yredelemnul
  7247 | D:7      | Got a twisted short sword
  7248 | D:7      | Identified the +0 short sword of Harmony {speed, rElec rC++} (You found it on level 7 of the Dungeon)
  7274 | D:7      | Got a smoking garnet amulet
  7512 | D:7      | Found Hemer's Island Escapes.
  7591 | D:8      | Got a faintly glowing hand axe
  7592 | D:8      | Identified the +7 hand axe of Noon {venom, +Blink MR+ Str+2 Dex+2} (You found it on level 8 of the Dungeon)
  7644 | D:8      | Found a sparkling altar of Nemelex Xobeh.
  7719 | D:8      | Reached skill level 5 in Armour
  7741 | D:8      | Reached skill level 5 in Stealth
  7976 | D:8      | Noticed a cyclops
  7987 | D:8      | Killed a cyclops
  8026 | D:8      | Noticed a two-headed ogre
  8030 | D:8      | Killed a two-headed ogre
  8030 | D:8      | Reached ** piety under Yredelemnul
  8030 | D:8      | Reached XP level 10. HP: 76/76 MP: 11/11
  8190 | D:8      | Noticed a three-headed hydra
  8201 | D:8      | Killed a four-headed hydra
  8201 | D:8      | Reached skill level 1 in Invocations
  8792 | D:9      | Killed an unseen horror
  8870 | D:9      | Found an ornate altar of the Wu Jian Council.
  8966 | D:9      | Reached skill level 5 in Dodging
  9005 | D:9      | Found Cizuadec's Jewellery Shop.
  9029 | D:9      | Identified the amulet of a Million Seas {Regen+ Int+2} (You found it on level 7 of the Dungeon)
  9056 | D:9      | Found an opulent altar of Gozag.
  9098 | D:9      | Reached *** piety under Yredelemnul
  9098 | D:9      | Reached XP level 11. HP: 77/83 MP: 10/13
  9200 | D:9      | Received a gift from Yredelemnul (a wight)
  9356 | D:9      | Received a gift from Yredelemnul (a wight)
  9460 | D:10     | Entered Level 10 of the Dungeon
  9472 | D:10     | Noticed a two-headed ogre
  9511 | D:10     | Killed a two-headed ogre
  9552 | D:10     | Found Zegol's Book Shop.
  9682 | D:10     | Noticed a two-headed ogre
  9688 | D:10     | Killed a two-headed ogre
  9768 | D:10     | Received a gift from Yredelemnul (a wraith)
 10046 | D:10     | Found a staircase to the Lair.
 10053 | D:10     | Reached **** piety under Yredelemnul
 10053 | D:10     | Received a gift from Yredelemnul (a wraith)
 10203 | D:11     | Found a staircase to the Orcish Mines.
 10228 | D:11     | Killed an unseen horror
 10228 | D:11     | Received a gift from Yredelemnul (a wraith)
 10341 | D:11     | Found Caquiclo's Weapon Shop.
 10349 | D:11     | Noticed Psyche
 10354 | D:11     | Killed Psyche
 10707 | D:11     | Killed Josephine
 10773 | D:11     | Found Rabid's Antique Armour Shoppe.
 10779 | D:11     | Got a silken robe
 10786 | D:11     | Identified the +2 robe of Edoextolu {rPois MR+ Int+2} (You found it on level 11 of the Dungeon)
 10790 | D:11     | Bought a pair of embroidered gloves for 217 gold pieces
 11030 | D:12     | Gained mutation: You have a pair of small antennae on your head. [demonic ancestry]
 11030 | D:12     | Reached XP level 12. HP: 91/91 MP: 15/15
 11099 | D:12     | Noticed a two-headed ogre
 11106 | D:12     | Killed a two-headed ogre
 11106 | D:12     | Reached skill level 5 in Invocations
 11180 | D:12     | Noticed a seven-headed hydra
 11185 | D:12     | Killed a four-headed hydra
 11257 | D:12     | Received a gift from Yredelemnul (4 flying skulls)
 11261 | D:12     | Found Poummysk's Book Boutique.
 11425 | D:12     | Noticed Jessica
 11432 | D:12     | Killed Jessica
 11447 | D:12     | Found a deep blue altar of Sif Muna.
 11518 | D:12     | Found Oqaennis's Gadget Emporium.
 11666 | D:12     | Reached ***** piety under Yredelemnul
 11840 | Orc:1    | Entered Level 1 of the Orcish Mines
 11863 | Orc:1    | Received a gift from Yredelemnul (a wraith)
 12011 | Orc:1    | Received a gift from Yredelemnul (a wraith)
 12019 | Orc:1    | Noticed an orc warlord
 12035 | Orc:1    | Received a gift from Yredelemnul (a phantasmal warrior)
 12043 | Orc:1    | Killed an orc warlord
 12252 | Orc:1    | Received a gift from Yredelemnul (a vampire)
 12523 | Orc:2    | Entered Level 2 of the Orcish Mines
 12543 | Orc:2    | Found a staircase to the Elven Halls.
 12566 | Orc:2    | Noticed Sonja
 12572 | Orc:2    | Killed Sonja
 12632 | Orc:2    | Received a gift from Yredelemnul (a phantasmal warrior)
 12656 | Orc:2    | Found Laypp's Armour Emporium.
 12710 | Orc:2    | Noticed a two-headed ogre
 12716 | Orc:2    | Killed a two-headed ogre
 12759 | Orc:2    | Noticed an orc high priest
 12769 | Orc:2    | Noticed an orc high priest
 12777 | Orc:2    | Noticed an orc warlord
 12777 | Orc:2    | Killed an orc high priest
 12782 | Orc:2    | Slain by an orc warrior

Skill      XL: |  1  2  3  4  5  6  7  8  9 10 11 12 |
---------------+-------------------------------------+-----
Shields        | 3 4 5 6 7 8 9 |  9.8
Long Blades    | 2 3 4 5 6 7 8 |  8.2
Dodging        | 1 2 3 4 5 6 |  6.7
Armour         | 3 4 5 6 7 8 |  8.1
Stealth        | 1 2 3 5 7 8 9 |  9.3
Fighting       | 4 5 6 7 8 |  8.5
Evocations     | 1 2 |  2.5
Invocations    | 3 4 8 |  8.0

Action                   |  1- 3 |  4- 6 |  7- 9 | 10-12 || total
-------------------------+-------+-------+-------+-------++-------
Melee: Long sword        |   103 |   224 |   119 |   135 ||   581
       Falchion          |       |    98 |       |    22 ||   120
       Flail             |       |       |   216 |       ||   216
       Whip              |       |       |    97 |    13 ||   110
       Hand axe          |       |       |    63 |   384 ||   447
Invok: Animate Remains   |       |       |       |    14 ||    14
       Animate Dead      |       |       |       |    47 ||    47
       Recall Undead Sla |       |       |       |     4 ||     4
       Enslave Soul      |       |       |       |     3 ||     3
Evoke: Wand              |       |       |    25 |    13 ||    38
  Use: Potion            |     1 |     2 |     7 |     4 ||    14
       Scroll            |       |     3 |    12 |     4 ||    19
 Stab: Sleeping          |       |    15 |    12 |    25 ||    52
       Paralysed         |       |       |     9 |    10 ||    19
       Distracted        |       |       |       |    16 ||    16
  Eat: Chunk             |     1 |     6 |    15 |    22 ||    44
       Ration            |       |     1 |     1 |     5 ||     7
Armor: Robe              |    19 |       |       |       ||    19
       Leather armour    |    20 |   123 |    54 |       ||   197
       Scale mail        |       |       |   268 |   161 ||   429
Dodge: Dodged            |    30 |   120 |   487 |   329 ||   966
Block: Shield            |    45 |   162 |   477 |   412 ||  1096
       Rpst.: Long sword |    14 |    24 |    13 |    20 ||    71
       Falchion          |       |    13 |       |     4 ||    17
